 Dungeon Sprint DCSS version 0.14-a0-1817-gb992dfe (webtiles) character file.

13 Nordon the Twirler (level 2, -1/18 HPs)
             Began as a Gargoyle Gladiator on Jan 10, 2014.
             Was a Follower of Makhleb.
             Slain by a centaur (7 damage)
             ... in the Dungeon (Sprint IX: "|||||||||||||||||||||||||||||").
             The game lasted 00:01:08 (406 turns).

Nordon the Twirler (Gargoyle Gladiator)              Turns: 406, Time: 00:01:08

HP  -1/18        AC 13     Str 21      XL: 2   Next: 37%
MP   2/2         EV 10     Int  8      God: Makhleb [*.....]
Gold 0           SH  0     Dex 13      Spells:  0 memorised,  1 level left

rFire  . . .     SeeInvis .     p - +0 lajatang
rCold  . . .     Clarity  .     s - +2 ring mail
rNeg   + . .     Conserve .     (no shield)
rPois  +         rCorr    .     c - +0 helmet
rElec  +         rRot     +     (no cloak)
SustAb . .       Spirit   .     q - +0 pair of gloves
rMut   .         Warding  .     r - +0 pair of boots
Saprov . . .     NoTele   +     (no amulet)
                                u - +3 ring of strength
                                t - +3 ring of dexterity

@: not resistant to hostile enchantments, extremely unstealthy
A: life protection 1, electricity resistance, unbreathing, petrification
resistance, AC +2
a: Renounce Religion


You were in the Dungeon.
You worshipped Makhleb.
Makhleb was aware of your devotion.
You were not hungry.

You visited 1 branch

Inventory:

Hand weapons
 a - a +0,+0 quarterstaff
 p - a +0,+0 lajatang (weapon)
Missiles
 d - 3 throwing nets (quivered)
Armour
 c - a +0 helmet (worn)
 q - a +0 pair of gloves (worn)
 r - a +0 pair of boots (worn)
 s - a +2 ring mail (worn)
Magical devices
 o - a wand of draining (7)
Comestibles
 f - a bread ration
Scrolls
 k - 2 scrolls of blinking
 m - 3 scrolls of remove curse
 n - 2 scrolls of amnesia
Jewellery
 t - a +3 ring of dexterity (left hand)
 u - a +3 ring of strength (right hand)
Potions
 e - 5 potions of curing
 g - 3 potions of heal wounds
 h - a potion of speed
 i - 4 potions of magic
 j - a potion of berserk rage
 l - a potion of invisibility


   Skills:
 + Level 2.9 Fighting
 * Level 4.5 Staves
 - Level 2.0 Throwing
 + Level 2.1 Armour
 + Level 3.0 Dodging


You had one spell level left.
You didn't know any spells.

Dungeon Overview and Level Annotations

Branches:
Dungeon (1/1)

Altars:
Ashenzari
Cheibriados
Elyvilon
Fedhas
Kikubaaqudgha
Makhleb
Nemelex Xobeh
Okawaru
Sif Muna
Trog
Vehumet
Xom
Yredelemnul
Zin
the Shining One


Innate Abilities, Weirdness & Mutations

You are resistant to torment.
You are immune to poison.
Your stone body is very resilient (AC +2).
You resist negative energy.
You are resistant to electric shocks.
You can survive without breathing.
You are immune to petrification.


Message History

t - a +3 ring of dexterity (left hand) Put on which piece of jewellery? (? for menu, Esc to quit)
You feel stronger.
u - a +3 ring of strength (right hand)
You open the door.
A giant gecko, a bat, an orc warrior, 2 centaurs and a skeleton come into view.
The orc warrior shouts!
The centaur shouts!
The centaur shouts!
The bat closely misses you.
Unknown command.
You hit the bat.
You kill the bat!
Makhleb accepts your kill.
You can now gain health from killing.
The centaur wields a bow.
The centaur shoots an arrow.
The arrow hits you!
Ouch! That really hurt!
The centaur unwields an uncursed bow.
The centaur closely misses you.
The centaur hits you but does no damage.
There is an open door to the Dungeon here.
You see here a bat corpse.
You barely miss the centaur. The centaur hits you!
You die... ▓▓▓▓▓▓▓▓▓▓▓▓▓▓▓▓▓▓▓▓▓▓▓▓ +.ozlcc@(....)|..'______ ▓▓▓▓▓▓▓▓▓▓▓▓▓▓▓▓▓▓▓▓▓▓▓▓

You could see an orc warrior, 2 centaurs, a giant gecko and a goblin skeleton.

Vanquished Creatures
  An adder skeleton (D)
  An orc (D)
  2 bats (D)
  A hobgoblin (D)
  A giant gecko zombie (D)
  2 goblins (D)
  A kobold (D)
  2 rats (D)
11 creatures vanquished.

Notes
Turn   | Place    | Note
--------------------------------------------------------------
     0 | D        | Nordon, the Gargoyle Gladiator, began the quest for the Orb.
     0 | D        | Reached XP level 1. HP: 12/12 MP: 1/1
    16 | D        | Reached skill level 1 in Armour
    27 | D        | Reached skill level 4 in Staves
   282 | D        | Reached XP level 2. HP: 18/18 MP: 2/2
   297 | D        | Found an ancient bone altar of Kikubaaqudgha.
   297 | D        | Found an iron altar of Okawaru.
   297 | D        | Found a shimmering altar of Xom.
   297 | D        | Found a shattered altar of Ashenzari.
   297 | D        | Found a sparkling altar of Nemelex Xobeh.
   297 | D        | Found a deep blue altar of Sif Muna.
   297 | D        | Found a bloodstained altar of Trog.
   298 | D        | Found a burning altar of Makhleb.
   299 | D        | Found a radiant altar of Vehumet.
   300 | D        | Found a snail-covered altar of Cheibriados.
   301 | D        | Found an ancient bone altar of Kikubaaqudgha.
   302 | D        | Found a glowing golden altar of the Shining One.
   303 | D        | Found a blossoming altar of Fedhas.
   304 | D        | Found an iron altar of Okawaru.
   305 | D        | Found a white marble altar of Elyvilon.
   306 | D        | Found a glowing silver altar of Zin.
   307 | D        | Found a basalt altar of Yredelemnul.
   309 | D        | Became a worshipper of Makhleb the Destroyer
   403 | D        | Noticed an orc warrior
   403 | D        | Noticed a centaur
   403 | D        | Noticed a centaur
   404 | D        | Acquired Makhleb's first power
   406 | D        | Slain by a centaur

Action                   || total
-------------------------++-------
Melee: Quarterstaff      ||    28
       Lajatang          ||     2
